 Dungeon Crawl Stone Soup version 0.31.0-9-g3a7656b989 (webtiles) character file.

Game seed: 2021376788968922180

35 qw the Shooter (level 3, -3/18 HPs)
             Began as a Spriggan Hunter on Feb 2, 2024.
             Slain by Sigmund
             ... wielding a +0 scythe
              (9 damage)
             ... on level 2 of the Dungeon.
             The game lasted 00:00:02 (581 turns).

qw the Shooter (Spriggan Hunter)                     Turns: 581, Time: 00:00:03

Health: -3/18      AC:  2    Str:  7    XL:     3   Next: 17%
Magic:  4/4        EV: 19    Int: 10    God:
Gold:   123        SH:  0    Dex: 20    Spells: 2/2 levels left

rFire   . . .        a - +0 shortbow
rCold   . . .        (shield currently unavailable)
rNeg    . . .        c - +0 robe
rPois   .            (helmet restricted)
rElec   .            (no cloak)
rCorr   .            (gloves unavailable)
SInv    +            (boots unavailable)
Will    .....        (no amulet)
Stlth   +            (no ring)
HPRegen 0.23/turn    (no ring)
MPRegen 0.09/turn

%: no passive effects
@: confused, hasted, very quick
A: very small, no large weapons, unfitting armour, see invisible, speed 3
a: no special abilities


You were on level 2 of the Dungeon.
You visited 1 branch of the dungeon, and saw 2 of its levels.

You collected 123 gold pieces.


Innate Abilities, Weirdness & Mutations

You are very small and have problems with some larger weapons.
You are too small for most types of armour.
You have supernaturally acute eyesight. (SInv)
You cover ground extremely quickly. (Speed+++)


   Skills:
 - Level 1.5 Fighting
 + Level 4.5 Ranged Weapons
 - Level 4.0 Dodging
 - Level 1.5 Stealth


You had 2 spell levels left.
You didn't know any spells.
Your spell library was empty.

Inventory:

Hand Weapons
 a - a +0 shortbow (weapon)
Armour
 c - a +0 robe (worn)
Scrolls
 b - a scroll of immolation {unknown}
 d - a scroll of identify

Dungeon Overview and Level Annotations

Branches:
Dungeon (2/15)

Altars:

Annotations:
D:2 Sigmund


Message History

a +0 mace; 5 stones; an orc corpse
Found a ring mail.
b - a scroll labelled IMNECH NOTTYI
d - a scroll of identify A bat comes into view.
You shoot an arrow. The arrow barely misses the bat.
The bat closely misses you.
You shoot an arrow. The arrow hits the bat!
You kill the bat!
You see here a bat corpse.
Sigmund the Dreaded comes into view.
He is wielding a +0 scythe.
567 ||| DRINKING potion of haste.
You feel yourself speed up.
Sigmund shouts!
Sigmund casts a spell at you. The magic dart hits you.
You shoot an arrow.
The arrow hits Sigmund but does no damage.
You shoot an arrow. The arrow barely misses Sigmund.
Sigmund hits you from afar with a +0 scythe.
You shoot an arrow. The arrow hits Sigmund.
Sigmund is lightly wounded.
You shoot an arrow.
The arrow hits Sigmund but does no damage.
Sigmund is lightly wounded.
Sigmund points at you and mumbles some strange words.
You resist with some effort.
You shoot an arrow. The arrow hits Sigmund.
Sigmund is moderately wounded.
Sigmund points at you and mumbles some strange words.
You are confused.
A frilled lizard comes into view.
Sigmund hits you from afar with a +0 scythe.
Sigmund gestures at you while chanting.
You are more confused.
Sigmund closely misses you. Sigmund closely misses you.
Sigmund hits you from afar with a +0 scythe!
Ouch! That really hurt!
You die...
Sigmund begins carving another notch in his scythe.

#.########
#......<.# #######
########.# #......
#.###.##### ##
#.##...# ..
#.##)..####
#@########........##
#..@..............##
###########.........
###...###. #.<.# #.
##### #. ##


You could see Sigmund.

Vanquished Creatures
  A dart slug (D:1)
  An orc (D:2)
  3 ball pythons
  4 bats
  3 endoplasms (D:1)
  A giant cockroach (D:2)
  3 hobgoblins (D:1)
  4 jackals (D:1)
  3 kobolds
  3 goblins
  A rat (D:1)
27 creatures vanquished.

Notes
Turn   | Place    | Note
-------+----------+-------------------------------------------
     0 | D:1      | qw the Spriggan Hunter began the quest for the Orb.
     0 | D:1      | Reached XP level 1. HP: 10/10 MP: 2/2
     0 | D:1      | 0 ||| qw: Version: 0.3-a-155-g5e7d8dd
     0 | D:1      | 0 ||| qw: Game counter: 1830
     0 | D:1      | 0 ||| qw: Melee chars always use a shield: true
     0 | D:1      | 0 ||| qw: God list: Okawaru
     0 | D:1      | 0 ||| qw: Allow faded altars: false
     0 | D:1      | 0 ||| qw: Do Orc after clearing Dungeon:15 true
     0 | D:1      | 0 ||| qw: Do second Lair branch before Depths: true
     0 | D:1      | 0 ||| qw: Lair rune preference: random
     0 | D:1      | 0 ||| qw: Goals: Normal
     0 | D:1      | 0 ||| PLANNING D:1-11
    49 | D:1      | Reached skill level 3 in Dodging
    93 | D:1      | Reached XP level 2. HP: 14/14 MP: 3/3
   430 | D:1      | 430 ||| READING 2 scrolls labelled KINIEPH AHOH.
   430 | D:1      | 430 ||| IDENTIFYING black potion
   431 | D:1      | 431 ||| READING scroll of identify.
   431 | D:1      | 431 ||| IDENTIFYING scroll labelled VUOCKONYVE
   432 | D:1      | 432 ||| DROPPING scroll of butterflies.
   433 | D:1      | 433 ||| DROPPING scroll of amnesia.
   484 | D:2      | Reached XP level 3. HP: 18/18 MP: 4/4
   566 | D:2      | Noticed Sigmund
   567 | D:2      | 567 ||| DRINKING potion of haste.
   573 | D:2      | HP: 4/18 [Sigmund/+0 scythe (5)]
   581 | D:2      | Slain by Sigmund

Levels and vault maps discovered:
D:1:      lightli_arrival_farm, layout_rooms, minmay_misc_feat_iff
D:2:      layout_loops_ring, kennysheep_another_room, minmay_hexomino_p4,
          uniq_sigmund, uniq_robin

Skill      XL: |  1  2 |
---------------+-------+-----
Dodging        | 3 4 |  4.0
Fighting       | |  1.5
Ranged Weapons | |  4.5
Stealth        | |  1.5

Action                     || total
---------------------------++-------
   Fire: Shortbow          ||    64
    Use: Scroll            ||     2
         Potion            ||     1
 Armour: Robe              ||     7
  Dodge: Dodged            ||    14

Table legend:
 A = Non-vault XP
 B = Vault XP
 C = Vault XP percentage of total XP
 D = Non-vault monster count
 E = Vault monster count
 F = Vault count percentage of total count
                 A         B        C        D         E       F
            +---------+---------+-------+---------+---------+-------
      Total |      47 |       4 |   7.8 |      25 |       2 |   7.4
            +---------+---------+-------+---------+---------+-------
        D:1 |      38 |       0 |   0.0 |      20 |       0 |   0.0
        D:2 |       9 |       4 |  30.8 |       5 |       2 |  28.6
            +---------+---------+-------+---------+---------+-------
